[Event "LEM Niedersachsen-A-Open 2025"]
[Site "Verden"]
[Date "2025.01.02"]
[Round "1.1"]
[White "Laubsch, Bernd"]
[Black "Stoy, Ulf"]
[Result "1-0"]
[ECO "B06"]
[WhiteElo "2215"]
[BlackElo "1918"]
[Annotator "TA"]
[PlyCount "89"]
[EventDate "2024.12.27"]
[EventType "swiss"]
[EventCountry "GER"]
[SourceTitle "playchess.com"]
[Source "ChessBase"]
[SourceQuality "1"]
[TimeControl "40/5400+30:1800+30"]

1. e4 g6 2. d4 Bg7 3. Nc3 d6 4. Be3 a6 5. Qd2 b5 6. h4 h5 7. f3 Nc6 8. O-O-O {[%emt 0:07:24] White is slightly better.} Rb8 9. Kb1 Nf6 10. Nge2 Bd7 11. Nd5 e6 12. Nxf6+ Bxf6 13. Bg5 Bxg5 14. hxg5 e5 15. d5 Ne7 {[%emt 0:07:33] [#]} 16. g4 $1 Rb6 (16... b4 17. Rh4) 17. Rh4 c5 18. Bg2 Qb8 $2 {[%emt 0:04:47] This move loses the game for Black.} (18... b4 $16 {keeps fighting.} 19. Rdh1 c4) 19. Rdh1 $18 Kd8 20. f4 Kc7 ({Much worse is} 20... Bxg4 21. Rxg4 Rh7 22. Rgh4 $18) 21. f5 Re8 22. f6 Bxg4 23. fxe7 Rxe7 24. Nc1 c4 25. Bh3 Bd7 26. Bxd7 Rxd7 27. Rf1 Qd8 (27... Kd8 {might work better.} 28. Rf6 Rbb7) 28. Rf6 Kb8 29. Rh3 Rbb7 30. Qf2 Qb6 31. Qxb6 Rxb6 32. Rhf3 Rbb7 33. Ne2 Ka7 34. b3 cxb3 (34... Rbc7 $142 35. Nc3 cxb3) 35. cxb3 Rbc7 36. Nc1 Kb6 37. Nd3 {[%emt 0:00:40] White is clearly winning.} Kb7 38. Nb4 Kb6 39. Nc6 Kb7 40. Kb2 Ka8 41. Ka3 Kb7 42. Kb4 Kb6 43. a3 h4 44. Rh3 (44. Nxe5 $2 a5#) 44... a5+ 45. Kc3 {[%emt 0:00:00] Weighted Error Value: White=0.10 (very precise) /Black=0.28 (precise) .  Loses game:     	---       	Black=1      Mistake:       	---       	Black=2      Inaccurate:     	White=3     	Black=5      OK:         	White=17    	Black=4      Best:        	White=1     	Black=1} 1-0

[Event "LEM Niedersachsen-A-Open 2025"]
[Site "Verden"]
[Date "2025.01.02"]
[Round "1.2"]
[White "Nuerenberg, Marius"]
[Black "Stotyn, Fabian"]
[Result "0-1"]
[ECO "B29"]
[WhiteElo "1911"]
[BlackElo "2123"]
[Annotator "TA"]
[PlyCount "110"]
[EventDate "2024.12.27"]
[EventType "swiss"]
[EventCountry "GER"]
[SourceTitle "playchess.com"]
[Source "ChessBase"]
[SourceQuality "1"]
[TimeControl "40/5400+30:1800+30"]

1. e4 c5 2. Nf3 Nf6 3. e5 Nd5 4. c4 Nc7 5. d4 cxd4 6. Nxd4 Nc6 7. Nxc6 bxc6 8. Nc3 g6 9. Bd3 Bg7 10. Qe2 Ne6 11. O-O O-O 12. Kh1 Qa5 13. f4 d6 14. exd6 exd6 15. Bd2 Qc7 16. Rab1 Nd4 17. Qf2 Re8 18. Rfe1 Bf5 19. Bxf5 Nxf5 20. g4 Nh6 21. h3 {[%emt 0:03:26] Threatens to win with f5.} f5 22. g5 Nf7 23. Be3 (23. b3 $11) 23... Bxc3 $17 24. bxc3 Re4 25. Bd4 Qe7 26. Kh2 Re8 27. Rxe4 Qxe4 28. Rb2 c5 29. Bf6 Qxc4 30. Qf3 d5 31. Rd2 Qe4 ({Black should play} 31... Kf8 $17 {And now ...Nd6 would win.} 32. Rxd5 Qxa2+ 33. Kg3 a5) 32. Kg2 $15 Rb8 (32... Qa4 $15) 33. Qxe4 $11 dxe4 {[%emt 0:00:19][%mdl 4096] Endgame KRB-KRN. Black is a pawn up.} 34. Kf2 Rb7 35. Ke3 Kf8 36. Rd5 Rc7 37. c4 Ke8 38. a4 Rc6 39. h4 Nd6 40. Re5+ Kd7 41. Re7+ Kc8 42. Rxa7 (42. Rxh7 $11 {was the only way to keep the balance.} Nxc4+ 43. Kf2) 42... Nxc4+ 43. Ke2 Rc7 44. Ra8+ (44. Ra6 $17) 44... Kb7 $19 45. Rd8 Nb6 46. a5 Nc4 47. Rd1 $2 (47. Be5 $17 {might work better.} Nxe5 48. fxe5) 47... Kc6 ({And not} 47... Nxa5 48. Bd8 $15) 48. Bc3 Rd7 49. Ra1 (49. Rc1 $142) 49... Rd3 50. a6 Re3+ (50... Rxc3 51. a7 Re3+ 52. Kf2 Rf3+ 53. Ke1 $17) 51. Kd1 (51. Kf1 $142 Rxc3 52. a7) 51... Rxc3 52. a7 Nb6 53. a8=Q+ Nxa8 54. Rxa8 Rd3+ 55. Ke2 Rh3 0-1

[Event "LEM Niedersachsen-A-Open 2025"]
[Site "Verden"]
[Date "2025.01.02"]
[Round "1.3"]
[White "Reimer, Philip"]
[Black "Seer, Maurice"]
[Result "1-0"]
[ECO "C54"]
[WhiteElo "2131"]
[BlackElo "1911"]
[Annotator "TA"]
[PlyCount "73"]
[EventDate "2024.12.27"]
[EventType "swiss"]
[EventCountry "GER"]
[SourceTitle "playchess.com"]
[Source "ChessBase"]
[SourceQuality "1"]
[TimeControl "40/5400+30:1800+30"]

1. e4 e5 2. Nf3 Nc6 3. Bc4 Bc5 4. c3 Nf6 5. d4 exd4 6. e5 d5 7. Bb5 Ne4 8. cxd4 Bb4+ 9. Bd2 Nxd2 10. Bxc6+ bxc6 11. Nbxd2 O-O 12. O-O c5 13. dxc5 Bxc5 14. Qc2 Bb6 15. b4 Bg4 16. a4 a5 17. bxa5 (17. b5 $11) 17... Bxa5 ({Black should try} 17... Rxa5 $17 {and ...c5 would now be decisive} 18. Nb3 Bxf3 19. gxf3 (19. Nxa5 $2 Qg5 $19) 19... Qg5+ 20. Kh1 Raa8) 18. Nd4 $11 Bxd2 (18... c5 $5 19. Nc6 Qe8 20. Nxa5 Rxa5 $11) 19. Qxd2 c5 20. Nb5 Re8 {[%emt 0:00:00] [#]} (20... Qa5 $11 21. Qd3 (21. Qxd5 Be2 $17) 21... Be6) 21. Rfe1 ({Better is} 21. f4 $1 $16) 21... Be6 22. f4 d4 (22... Qd7 $11 {keeps the balance.}) 23. Nd6 $16 Re7 24. f5 {[%emt 0:00:23][%cal Od2g5] White is more active.} Bd5 25. f6 gxf6 26. Nf5 $40 {[%emt 0:03:32][%mdl 128] Qh6 would now be deadly. White attacks with force.} Rxe5 $2 (26... Re6 $16 27. Qh6 Qf8 (27... Rxe5 28. Qg7#)) 27. Rxe5 $18 fxe5 28. Qh6 Qf8 29. Qg5+ Kh8 30. Qf6+ Kg8 31. Nh6+ ({Weaker is} 31. Qxe5 Be6 $11) (31. Ra3 $142 Bb3 32. Rxb3 d3 33. Rxd3 (33. Qxe5 c4 $18) 33... h5 34. Rg3+ (34. Qxe5 h4 $18) 34... Kh7 35. Rg7+ Kh8 36. Qh6#) 31... Qxh6 32. Qxh6 Re8 33. Ra3 Re6 34. Rg3+ (34. Qg5+ $142 Kf8 35. Qd8+ Kg7 36. Qxd5 c4 37. Rg3+ (37. Qxc4 Rb6 $18) 37... Rg6 38. Rxg6+ (38. Qxc4 h6 $18) (38. Qxe5+ Kf8 $18) 38... Kxg6 39. Qxc4) 34... Rg6 35. Rxg6+ hxg6 36. Qg5 {[%emt 0:00:04] Intending Qd8+ and mate.} Be4 37. Qxe5 1-0

[Event "LEM Niedersachsen-A-Open 2025"]
[Site "Verden"]
[Date "2025.01.02"]
[Round "1.4"]
[White "Monnerjahn, Lukas"]
[Black "Eschholz, Enno"]
[Result "0-1"]
[ECO "A50"]
[WhiteElo "1909"]
[BlackElo "2121"]
[Annotator "TA"]
[PlyCount "32"]
[EventDate "2024.12.27"]
[EventType "swiss"]
[EventCountry "GER"]
[SourceTitle "playchess.com"]
[Source "ChessBase"]
[SourceQuality "1"]
[TimeControl "40/5400+30:1800+30"]

1. d4 Nf6 2. c4 Nc6 3. g3 e5 4. d5 Ne7 5. Nc3 Ng6 6. Bg2 Bc5 7. Nf3 O-O 8. O-O a5 9. Ne1 d6 10. Nd3 Ba7 11. e4 Bg4 12. Qe1 Qd7 13. Bd2 (13. Be3 $14) 13... Bh3 $11 {[%emt 0:03:17] ...Bxg2 would now be deadly.} 14. b3 $2 {[%emt 0:12:11][%mdl 8192] [#]} (14. Bg5 $11 {and White has nothing to worry.}) 14... Nh4 $2 (14... Bxg2 $1 $19 {has better winning chances.} 15. Kxg2 Nh4+ 16. gxh4 Qg4+ 17. Kh1 Qf3+ (17... Qxh4 $2 {perishes.} 18. f4 $18) 18. Kg1 Ng4 (18... Qxd3 $2 19. Kg2 $19)) 15. Bxh3 $4 (15. gxh4 $2 {is a self mate.} Qg4) (15. Bh1 $17) 15... Qxh3 16. Nf4 Nf3+ 0-1

[Event "LEM Niedersachsen-A-Open 2025"]
[Site "Verden"]
[Date "2025.01.02"]
[Round "1.5"]
[White "Weigand, Anton"]
[Black "Stein, Luis"]
[Result "1-0"]
[ECO "B11"]
[WhiteElo "2092"]
[BlackElo "1899"]
[Annotator "NA RC"]
[PlyCount "85"]
[EventDate "2024.12.27"]
[EventType "swiss"]
[EventCountry "GER"]
[SourceTitle "playchess.com"]
[Source "ChessBase"]
[SourceQuality "1"]
[TimeControl "40/5400+30:1800+30"]

1. e4 c6 2. Nf3 d5 3. Nc3 dxe4 4. Nxe4 Nf6 5. Qe2 Bg4 6. Nxf6+ {[%emt 0:00:37] B11: Caro-Kann: Two Knights Variation.} gxf6 7. h3 Bxf3 8. Qxf3 Nd7 9. d4 Nb6 10. c3 Qd5 11. Be2 Rg8 12. a4 a5 13. g3 O-O-O 14. O-O Qxf3 15. Bxf3 e6 16. Re1 c5 17. Be3 Nc4 18. Rad1 Nxe3 19. Rxe3 Bh6 20. Re4 cxd4 21. Rexd4 Rxd4 22. Rxd4 Bf8 23. Rc4+ Kb8 24. Bh5 Rg5 25. Bxf7 Re5 $16 26. Kf1 Bd6 27. Rh4 b5 28. Be8 b4 29. Rxh7 b3 30. Bc6 Bc7 31. Bf3 Rf5 32. Bg4 Rd5 33. Ke2 Bb6 34. f4 Rd6 35. Re7 f5 36. Bf3 Kc8 37. h4 Bf2 38. Kxf2 Rd2+ 39. Ke3 Rxb2 40. Rb7 Rb1 41. Rb5 Kc7 42. Be2 b2 43. h5 1-0

[Event "LEM Niedersachsen-A-Open 2025"]
[Site "Verden"]
[Date "2025.01.02"]
[Round "1.6"]
[White "Thieu, Nguyen Gia Bao"]
[Black "Burkhardt, Holger"]
[Result "0-1"]
[ECO "C61"]
[WhiteElo "1898"]
[BlackElo "2092"]
[Annotator "NA RC"]
[PlyCount "58"]
[EventDate "2024.12.27"]
[EventType "swiss"]
[EventCountry "GER"]
[SourceTitle "playchess.com"]
[Source "ChessBase"]
[SourceQuality "1"]
[TimeControl "40/5400+30:1800+30"]

1. e4 e5 2. Nf3 Nc6 3. Bb5 Nd4 4. Bc4 d5 5. Bxd5 Nf6 6. c3 {[%emt 0:05:23] C61: Ruy Lopez: Bird's Defence.} Nxd5 7. exd5 Nxf3+ 8. Qxf3 Bd6 9. O-O O-O 10. d3 Qh4 11. g3 Qh3 12. Nd2 Bg4 13. Qg2 Qxg2+ 14. Kxg2 Be2 15. Re1 Bxd3 16. Re3 Bg6 17. Nc4 f6 18. Nxd6 cxd6 19. b3 Rfd8 20. Ba3 b5 21. c4 Rab8 22. Rd1 Bf7 23. f4 Rb6 24. Bb4 $11 Rc8 25. Rc3 bxc4 26. a3 a5 27. Bxa5 Rxb3 28. fxe5 fxe5 29. Kf3 Rc5 0-1

[Event "LEM Niedersachsen-A-Open 2025"]
[Site "Verden"]
[Date "2025.01.02"]
[Round "1.7"]
[White "Renner, Kai"]
[Black "Bangert, Jonas"]
[Result "1-0"]
[ECO "B34"]
[WhiteElo "2080"]
[BlackElo "1894"]
[Annotator "NA RC"]
[PlyCount "79"]
[EventDate "2024.12.27"]
[EventType "swiss"]
[EventCountry "GER"]
[SourceTitle "playchess.com"]
[Source "ChessBase"]
[SourceQuality "1"]
[TimeControl "40/5400+30:1800+30"]

1. e4 c5 2. Nf3 g6 3. d4 cxd4 4. Nxd4 Nf6 5. Nc3 Nc6 6. Be3 Bg7 7. Nxc6 bxc6 8. e5 Ng8 9. f4 f6 10. exf6 Nxf6 11. Be2 O-O 12. O-O Qa5 13. Qd2 Rb8 14. Rab1 d6 15. h3 Rd8 16. Bf3 c5 $11 17. Rfd1 e6 18. b3 Bb7 19. Bxb7 Rxb7 20. Ne4 Qxd2 21. Nxf6+ Bxf6 22. Rxd2 c4 23. Rbd1 cxb3 24. cxb3 d5 25. Rc2 Kf7 26. Bd4 Bxd4+ 27. Rxd4 Rdd7 28. Kf2 Rdc7 29. Rxc7+ Rxc7 30. Ra4 h5 31. g4 hxg4 32. hxg4 Kf6 33. Ra6 g5 34. f5 Ke5 35. fxe6 Kf4 36. Ra4+ Ke5 37. Ke3 Kxe6 38. Kd4 Rd7 39. Ra6+ Ke7 40. Rg6 1-0

[Event "LEM Niedersachsen-A-Open 2025"]
[Site "Verden"]
[Date "2025.01.02"]
[Round "1.9"]
[White "Becker, Stefan"]
[Black "Goertzen, Simon"]
[Result "1-0"]
[ECO "A11"]
[WhiteElo "2036"]
[BlackElo "1887"]
[Annotator "RC"]
[PlyCount "53"]
[EventDate "2024.12.27"]
[EventType "swiss"]
[EventCountry "GER"]
[SourceTitle "playchess.com"]
[Source "ChessBase"]
[SourceQuality "1"]
[TimeControl "40/5400+30:1800+30"]

1. Nf3 Nf6 2. g3 d5 3. Bg2 Bf5 4. O-O e6 5. c4 c6 6. cxd5 cxd5 7. d3 Be7 8. Qb3 b6 9. Nc3 O-O 10. e4 dxe4 11. Ne5 Nbd7 12. Nc6 Qe8 13. dxe4 Nxe4 14. Nxe7+ Qxe7 15. Nxe4 Bxe4 16. Bxe4 Nc5 17. Qa3 Rad8 18. Be3 f5 19. Bxc5 bxc5 20. Bg2 Rd2 21. Rad1 Rfd8 22. Bf3 e5 23. Rxd2 Rxd2 24. Rd1 e4 25. Qb3+ Kf8 26. Rxd2 exf3 27. Qe3 1-0

[Event "LEM Niedersachsen-A-Open 2025"]
[Site "Verden"]
[Date "2025.01.02"]
[Round "1.10"]
[White "Bisa, Gani"]
[Black "Hoellman, Ludger"]
[Result "0-1"]
[ECO "D38"]
[WhiteElo "1885"]
[BlackElo "2026"]
[Annotator "NA RC"]
[PlyCount "122"]
[EventDate "2024.12.27"]
[EventType "swiss"]
[EventCountry "GER"]
[SourceTitle "playchess.com"]
[Source "ChessBase"]
[SourceQuality "1"]
[TimeControl "40/5400+30:1800+30"]

1. d4 Nf6 2. c4 e6 3. Nc3 Bb4 4. Qc2 O-O 5. Nf3 d5 6. Bg5 h6 7. Bxf6 Qxf6 8. e3 Nd7 {[%emt 0:02:15] D38: Queen's Gambit Declined: Ragozin Defence (4 Nf3 Bb4).} 9. Be2 dxc4 10. Bxc4 e5 11. O-O c6 12. Ne4 Qe7 13. a3 Ba5 14. Rad1 exd4 15. Rxd4 Bb6 16. Rd2 Nf6 17. Nd6 Bg4 18. Nh4 Nd5 19. Nhf5 Qg5 20. Bxd5 cxd5 21. h4 Qf6 22. Rxd5 Bxf5 23. Nxf5 Rac8 24. Qe4 Rfe8 25. Qg4 Rc5 26. Rfd1 Kh7 27. b4 Rxd5 28. Rxd5 Re5 29. Rxe5 Qxe5 30. Qf3 Qa1+ 31. Kh2 Qxa3 32. Qxb7 Qa2 33. Qf3 Qc4 34. h5 Qxb4 35. Qd5 Qf8 36. g3 Kg8 37. Qe5 Bd8 38. Qd5 Bb6 39. Kg2 Qe8 40. Nd6 Qe6 41. Qa8+ Kh7 42. Qc6 Bd8 43. Qc2+ Kg8 44. Qd3 Bc7 45. Nf5 a5 46. e4 Kh7 47. f4 g6 48. hxg6+ fxg6 49. Nh4 a4 50. Qc2 Bxf4 51. Qxa4 Be5 52. Nf3 Bg7 53. Qa8 Qc4 54. Nh4 Qe2+ 55. Kh3 Qf1+ 56. Kh2 Qf2+ 57. Ng2 h5 58. Qd5 Bd4 59. g4 Qg1+ ({Less strong is} 59... hxg4 60. Qd7+ Bg7 61. Qxg4 $15) 60. Kg3 {[%emt 0:00:00] [#]} h4+ 61. Kf4 Qf2+ 0-1

[Event "LEM Niedersachsen-A-Open 2025"]
[Site "Verden"]
[Date "2025.01.02"]
[Round "1.11"]
[White "Koch, Yannick"]
[Black "Harms, Friedjof"]
[Result "1-0"]
[ECO "A57"]
[WhiteElo "2024"]
[BlackElo "1884"]
[Annotator "RC"]
[PlyCount "51"]
[EventDate "2024.12.27"]
[EventType "swiss"]
[EventCountry "GER"]
[SourceTitle "playchess.com"]
[Source "ChessBase"]
[SourceQuality "1"]
[TimeControl "40/5400+30:1800+30"]

1. d4 Nf6 2. c4 c5 3. d5 b5 4. cxb5 a6 5. b6 Qxb6 6. Nc3 d6 7. Nf3 g6 8. e4 Nbd7 9. Nd2 Bg7 10. Be2 O-O 11. Nc4 Qc7 12. Bf4 Nb6 13. Ne3 Nfd7 14. h4 a5 15. h5 Ne5 16. hxg6 hxg6 17. Qd2 a4 18. Bh6 Bxh6 19. Rxh6 Kg7 20. O-O-O Bb7 21. Rdh1 Rh8 22. Nf5+ gxf5 23. Qg5+ Ng6 24. exf5 Rxh6 25. Qxh6+ Kg8 26. fxg6 1-0

[Event "LEM Niedersachsen-A-Open 2025"]
[Site "Verden"]
[Date "2025.01.02"]
[Round "1.12"]
[White "Burnus, Finn Crispin"]
[Black "Kiesel, Lucas"]
[Result "1-0"]
[ECO "E60"]
[WhiteElo "1883"]
[BlackElo "2023"]
[Annotator "RC"]
[PlyCount "145"]
[EventDate "2024.12.27"]
[EventType "swiss"]
[EventCountry "GER"]
[SourceTitle "playchess.com"]
[Source "ChessBase"]
[SourceQuality "1"]
[TimeControl "40/5400+30:1800+30"]

1. d4 Nf6 2. c4 g6 3. g3 Bg7 4. Bg2 c5 5. d5 b5 6. d6 Nc6 7. cxb5 Qa5+ 8. Nc3 exd6 9. bxc6 d5 10. cxd7+ Bxd7 11. Bd2 Qa6 12. Nxd5 Nxd5 13. Bxd5 Rd8 14. Qc2 O-O 15. Bc3 Bf5 16. Be4 Bxe4 17. Qxe4 Rfe8 18. Qc2 Qc4 19. Qb3 Qe4 20. f3 Qe7 21. Bxg7 Kxg7 22. Rd1 Kf8 23. Rxd8 Qxd8 24. Qc3 Qd5 25. a3 Rd8 26. Qc2 Qa2 27. Qc1 Rb8 28. Qxc5+ Kg8 29. Qxa7 Rxb2 30. Kf2 Rb1 31. Kg2 Qe6 32. Nh3 Rxh1 33. Kxh1 Qxh3 34. Kg1 Qe6 35. Qa8+ Kg7 36. Qe4 Qb3 37. a4 Qd1+ 38. Kg2 Qe1 39. Qe5+ f6 40. Qb5 h5 41. h4 Kh6 42. f4 Qd2 43. a5 Qe3 44. Qc4 g5 45. fxg5+ fxg5 46. hxg5+ Kg7 47. g6 Kh8 48. Qc8+ Kg7 49. Qd7+ Kh6 50. Qd3 Qc5 51. a6 Qc6+ 52. Kh2 Qb6 53. Kg2 Qc6+ 54. Kf2 Qf6+ 55. Ke1 Qa1+ 56. Kd2 Qa5+ 57. Ke3 Qb6+ 58. Qd4 Qxa6 59. g7 Qe6+ 60. Kf3 Qa2 61. Qf6+ Kh7 62. Qe7 Qb3+ 63. Kf2 Qb6+ 64. Kf3 Qb3+ 65. Kf4 Qb8+ 66. Qe5 Qa7 67. Kg5 Qa6 68. Kxh5 Qh6+ 69. Kg4 Qg6+ 70. Kh4 Qa6 71. Qg5 Qc4+ 72. Qg4 Qg8 73. Qh5+ 1-0

[Event "LEM Niedersachsen-A-Open 2025"]
[Site "Verden"]
[Date "2025.01.02"]
[Round "1.13"]
[White "Ophardt, Paul"]
[Black "Moerke, Niklas"]
[Result "1/2-1/2"]
[ECO "D35"]
[WhiteElo "2015"]
[BlackElo "1875"]
[Annotator "RC"]
[PlyCount "40"]
[EventDate "2024.12.27"]
[EventType "swiss"]
[EventCountry "GER"]
[SourceTitle "playchess.com"]
[Source "ChessBase"]
[SourceQuality "1"]
[TimeControl "40/5400+30:1800+30"]

1. d4 d5 2. c4 e6 3. Nc3 Nf6 4. cxd5 Nxd5 5. e4 Nxc3 6. bxc3 c5 7. Rb1 cxd4 8. cxd4 Nc6 9. Bb5 Bd7 10. Nf3 a6 11. Be2 b5 12. O-O Be7 13. d5 exd5 14. exd5 Bf5 15. Rb2 Na5 16. Rd2 Bd6 17. Bb2 O-O 18. Qa1 f6 19. Rfd1 Qe7 20. Re1 Qc7 1/2-1/2

[Event "LEM Niedersachsen-A-Open 2025"]
[Site "Verden"]
[Date "2025.01.02"]
[Round "1.14"]
[White "Lehmkuhl, Stefan"]
[Black "Kieselbach, Marvin"]
[Result "0-1"]
[ECO "E48"]
[WhiteElo "1874"]
[BlackElo "2008"]
[Annotator "RC"]
[PlyCount "72"]
[EventDate "2024.12.27"]
[EventType "swiss"]
[EventCountry "GER"]
[SourceTitle "playchess.com"]
[Source "ChessBase"]
[SourceQuality "1"]
[TimeControl "40/5400+30:1800+30"]

1. d4 Nf6 2. c4 e6 3. Nc3 Bb4 4. e3 O-O 5. Bd3 Re8 6. Nge2 d5 7. a3 Bd6 8. h3 Nbd7 9. O-O dxc4 10. Bxc4 e5 11. Nb5 Be7 12. Bd2 a6 13. Nbc3 exd4 14. exd4 Nb6 15. Ba2 c6 16. Rc1 Nfd5 17. Nxd5 Nxd5 18. Nc3 Be6 19. Qf3 Bf6 20. Nxd5 Bxd5 21. Bxd5 Qxd5 22. Qxd5 cxd5 23. Be3 Rac8 24. Rfd1 Kf8 25. Kf1 h5 26. Rxc8 Rxc8 27. Ke2 Ke7 28. Kd3 Ke6 29. Rc1 Rxc1 30. Bxc1 Kf5 31. g3 Be7 32. f3 Bd6 33. g4+ Kg6 34. Be3 Bg3 35. f4 hxg4 36. hxg4 f5 0-1

[Event "LEM Niedersachsen-A-Open 2025"]
[Site "Verden"]
[Date "2025.01.02"]
[Round "1.15"]
[White "Martin, Dennis"]
[Black "Gehrke, Mathias"]
[Result "0-1"]
[ECO "A56"]
[WhiteElo "2005"]
[BlackElo "1873"]
[Annotator "NA RC"]
[PlyCount "90"]
[EventDate "2024.12.27"]
[EventType "swiss"]
[EventCountry "GER"]
[SourceTitle "playchess.com"]
[Source "ChessBase"]
[SourceQuality "1"]
[TimeControl "40/5400+30:1800+30"]

1. d4 Nf6 2. c4 c5 3. dxc5 Qa5+ 4. Nc3 Qxc5 5. e4 d6 6. Be3 {[%emt 0:00:15] A56: Czech Benoni.} Qa5 7. f3 g6 8. Nge2 Bg7 9. a3 Nbd7 10. Qd2 O-O 11. Nf4 Ne5 12. Be2 Be6 13. Nxe6 fxe6 14. Nb5 (14. b4 $16 Qd8 15. O-O) 14... Qd8 15. Bxa7 b6 16. Qe3 Nfd7 17. Nd4 Rxa7 18. Nxe6 (18. f4 $142) 18... Qc8 19. Nxf8 Kxf8 (19... Qxf8) 20. Rc1 Nf7 21. Rc2 Rc7 (21... Nd8 $17 22. f4 Qc5) 22. a4 Qa8 23. b3 Qa5+ 24. Kf2 Bh6 25. f4 Nf6 26. g3 Ne5 27. Kg2 Qa8 28. Bf3 Nxf3 29. Kxf3 e6 30. Re1 Qb7 31. Qd4 Ke7 32. Rce2 Bg7 33. Qd3 Qc6 34. g4 Kf7 35. Kg3 h5 36. g5 Nd7 37. Qc2 $11 Nc5 38. e5 d5 39. cxd5 Qxd5 40. Re3 Qb7 41. b4 Na6 42. Rc3 Bf8 43. Rxc7+ Nxc7 44. b5 Bc5 45. Qc4 h4+ 0-1

[Event "LEM Niedersachsen-A-Open 2025"]
[Site "Verden"]
[Date "2025.01.02"]
[Round "1.16"]
[White "Kozik, Andreas"]
[Black "Loecken, Siegfried"]
[Result "0-1"]
[ECO "A76"]
[WhiteElo "1868"]
[BlackElo "2004"]
[Annotator "RC"]
[PlyCount "108"]
[EventDate "2024.12.27"]
[EventType "swiss"]
[EventCountry "GER"]
[SourceTitle "playchess.com"]
[Source "ChessBase"]
[SourceQuality "1"]
[TimeControl "40/5400+30:1800+30"]

1. d4 Nf6 2. Nf3 c5 3. d5 e6 4. c4 exd5 5. cxd5 d6 6. Nc3 g6 7. e4 Bg7 8. Be2 O-O 9. O-O Re8 10. Qc2 a6 11. a4 Nbd7 12. Re1 Qc7 13. h3 Rb8 14. a5 b5 15. axb6 Rxb6 16. Bf1 h6 17. Nd2 g5 18. Nc4 Rb4 19. Na2 Rb8 20. Bd2 Ne5 21. Nxe5 Rxe5 22. Nc3 Qb6 23. Ra2 Re8 24. Bc4 g4 25. hxg4 Nxg4 26. f3 Bd4+ 27. Kf1 Ne5 28. Na4 Qd8 29. Bxh6 Qh4 30. Be3 Nxc4 31. Qxc4 Bd7 32. Nc3 Rb4 33. Qd3 Reb8 34. Bxd4 cxd4 35. Ne2 Bb5 36. Qd2 Bc4 37. b3 Rxb3 38. Qxd4 R3b4 39. Qd2 Bxa2 40. Qxa2 R8b6 41. Qc2 a5 42. Qc8+ Kg7 43. Qc3+ Qf6 44. Qc2 Rb2 45. Qc8 a4 46. Ng3 Qg5 47. Nf5+ Kh7 48. Ne3 a3 49. Qh3+ Kg8 50. Qc8+ Kg7 51. Qc3+ Kh7 52. Ng4 Qh4 53. Kg1 Qxe1+ 54. Qxe1 Rb1 0-1

[Event "LEM Niedersachsen-A-Open 2025"]
[Site "Verden"]
[Date "2025.01.02"]
[Round "1.17"]
[White "Schumann, Steffen"]
[Black "Zweigait, Leon"]
[Result "0-1"]
[ECO "B45"]
[WhiteElo "2002"]
[BlackElo "1865"]
[Annotator "NA RC"]
[PlyCount "78"]
[EventDate "2024.12.27"]
[EventType "swiss"]
[EventCountry "GER"]
[SourceTitle "playchess.com"]
[Source "ChessBase"]
[SourceQuality "1"]
[TimeControl "40/5400+30:1800+30"]

1. e4 c5 2. Nf3 e6 3. d4 cxd4 4. Nxd4 Nc6 5. Nc3 Nf6 6. Ndb5 Bc5 7. Nd6+ {[%emt 0:02:16] B45: Sicilian Four Knights.} Ke7 8. Bf4 e5 9. Nf5+ Kf8 10. Bg5 d6 11. Ne3 Qb6 12. Bxf6 gxf6 13. Qd2 Bxe3 14. fxe3 Kg7 15. Bd3 (15. Qxd6 $2 {is the wrong capture.} Qxe3+ (15... Qxb2 $2 16. Rb1 $19) 16. Be2 Rd8 $19) 15... Be6 (15... Ne7 $16) 16. O-O h5 17. Rf3 (17. Nd5 $16 Bxd5 18. exd5) 17... Rh6 18. b3 Rc8 19. Na4 Qa5 20. Qf2 b5 21. Nb2 Qc3 22. Rb1 Nb4 23. Bxb5 Qxc2 24. Qxc2 Rxc2 25. a3 Na2 (25... Rg6 26. Rf2 Rxf2 27. Kxf2) 26. Na4 ({Only move:} 26. Bd3 $1 $15 Rc3 27. Bc4) 26... Nc3 27. Nxc3 Rxc3 28. Ba4 Rg6 29. h3 d5 30. exd5 Bxd5 31. Rf2 Rxe3 32. Rc1 f5 33. Rc7 f4 34. Rd7 Be4 35. Rxa7 f3 $19 (35... Re1+ $142 36. Kh2 Rg3 37. Bd7 Rc3 (37... Rxb3 $2 38. Be6 $19) 38. Be6 Kf6 39. Rc7 Rxc7 40. Bc4 Rd7 41. Rf1 Rxf1 42. Bxf1 Bd3 43. Kg1 Bxf1 44. Kxf1 e4 (44... Rd1+ $2 45. Ke2 $19) 45. b4 e3 (45... Rd1+ $2 46. Ke2 $19) 46. Ke1 Rd2 47. Kf1 Rf2+ 48. Ke1 Kf5 (48... Rxg2 {leads to mate.} 49. Kf1 f3 50. b5 Rh2 51. Kg1 e2 52. Kxh2 e1=Q 53. a4 Qf2+ 54. Kh1 Qg2#) 49. h4 Ke4 (49... Rxg2 50. Kf1 f3 51. b5 Rb2 52. Kg1 Kf4 53. Kh1 Kg3 54. Kg1 Rb1#) 50. b5 Kd3 (50... Rxg2 51. Kf1 f3 52. b6 e2+ 53. Ke1 Kd3 54. b7 f2#) 51. g4 fxg3 52. a4 e2 53. b6 Rf1#) 36. Be8 Re1+ 37. Kh2 Rxg2+ 38. Rxg2+ fxg2 39. Rxf7+ Kg8 0-1

[Event "LEM Niedersachsen-A-Open 2025"]
[Site "Verden"]
[Date "2025.01.02"]
[Round "1.18"]
[White "Aden, Dagmar"]
[Black "Ploog, Martin"]
[Result "0-1"]
[ECO "B06"]
[WhiteElo "1861"]
[BlackElo "2001"]
[Annotator "NA RC"]
[PlyCount "64"]
[EventDate "2024.12.27"]
[EventType "swiss"]
[EventCountry "GER"]
[SourceTitle "playchess.com"]
[Source "ChessBase"]
[SourceQuality "1"]
[TimeControl "40/5400+30:1800+30"]

1. e4 d6 2. Bc4 g6 3. Nf3 Bg7 4. d4 Nf6 5. e5 dxe5 6. Nxe5 O-O 7. O-O Nbd7 8. Nxd7 {[%emt 0:01:29] B06: Modern Defence.} Bxd7 9. c3 c5 10. dxc5 Qc7 11. Na3 Qxc5 12. Be3 Qc7 13. h3 a6 14. Bb3 b5 15. Nc2 Rad8 16. Qe2 Qb7 17. Bc5 Rfe8 18. Rfd1 Rc8 19. Bb4 (19. Bxe7 $2 {loses.} Bf8 20. Rd4 Rxe7 $19 (20... Bxe7 $2 21. Qd1 $19)) 19... Bc6 (19... Qc7 $15 {is superior.} 20. Qf3 (20. Bxe7 $2 {loses.} Bf8 $19) 20... a5 21. Rxd7 (21. Ba3 $2 Bc6 $19) 21... Qxd7 22. Bxa5 e6) 20. Ne3 Nh5 21. Qg4 e6 22. Bd6 f5 23. Nxf5 Nf6 24. Nh6+ Kh8 $14 (24... Bxh6 $11 25. Bxe6+ Kg7 26. Bxc8 Qa8) 25. Qh4 Bxg2 26. Ng4 Nh5 27. Ne3 Bf6 28. Qb4 Bxh3 29. Bc2 Rc4 30. Qa5 Rg4+ 31. Kh2 Rg2+ 32. Kxh3 Qf3+ 0-1

[Event "LEM Niedersachsen-A-Open 2025"]
[Site "Verden"]
[Date "2025.01.02"]
[Round "1.19"]
[White "Hilker, Bjoern"]
[Black "Buecklers, Martin"]
[Result "1-0"]
[ECO "A42"]
[WhiteElo "1993"]
[BlackElo "1859"]
[Annotator "RC"]
[PlyCount "35"]
[EventDate "2024.12.27"]
[EventType "swiss"]
[EventCountry "GER"]
[SourceTitle "playchess.com"]
[Source "ChessBase"]
[SourceQuality "1"]
[TimeControl "40/5400+30:1800+30"]

1. e4 g6 2. d4 Bg7 3. c4 d6 4. Nc3 e5 5. d5 f5 6. exf5 gxf5 7. Qh5+ Kf8 8. Bg5 Nf6 9. Qd1 a5 10. g3 Na6 11. Bg2 h6 12. Be3 Ng4 13. Nge2 Nxe3 14. fxe3 e4 15. O-O Bxc3 16. bxc3 Qg5 17. Qd4 Ke7 18. Qxh8 1-0